[Event "Monday Night Swiss 13Rd 5m+1s Starts at 2240hrs"]
[Site "Infinity Chess"]
[Date "2018.1.30"]
[Round "7"]
[White "star99"]
[Black "mike"]
[Result "1/2-1/2"]
[ECO "C07"]
[WhiteElo "2437"]
[BlackElo "2454"]
[WhiteEngine "Cryptic AIL V2"]
[BlackEngine "komodo-11.2.2-64bit"]
[EventType "Swiss"]
[WhiteTeam ""]
[BlackTeam ""]
[PlyCount "104"]
[TimeControl "300+1"]

1. e4 e6 2. d4 d5 3. Nd2 c5 4. Ngf3 Nc6 5. exd5 exd5 6. Bb5 Bd6 7. dxc5 Bxc5 
8. O-O Nge7 9. Nb3 Bd6 10. c3 Bg4 11. h3 Bh5 12. Be3 O-O 13. Re1 Re8 14. Be2 Qd7 
15. Qd2 Rad8 16. Rad1 h6 17. Nh4 Bxe2 18. Rxe2 Ne5 19. Nd4 Nc4 20. Qd3 Nc6 
21. Ndf5 Re6 22. Nxd6 Nxd6 23. Nf5 Ne5 24. Qc2 Nxf5 25. Qxf5 Nc4 26. Qf3 Qe7 
27. Rde1 Nxe3 28. Rxe3 Rdd6 29. g3 Qd7 30. Rxe6 Rxe6 31. Rd1 Re5 32. Kg2 Qe6 
33. a4 b6 34. b4 g6 35. Rd4 Re4 36. Rxe4 dxe4 37. Qe3 Qc6 38. g4 Kh7 39. a5 bxa5 
40. bxa5 a6 41. Qb6 Qxc3 42. Qxa6 Qf3+ 43. Kg1 Qxh3 44. Qe2 Qa3 45. Qc4 Qf3 
46. a6 Qxg4+ 47. Kh2 Qf3 48. Qd4 Qh5+ 49. Kg1 Qg5+ 50. Kh2 Qh5+ 51. Kg1 Qg5+ 
52. Kh2 Qh5+ 1/2-1/2

[Event "Monday Night Swiss 13Rd 5m+1s Starts at 2240hrs"]
[Site "Infinity Chess"]
[Date "2018.1.30"]
[Round "7"]
[White "HULK"]
[Black "RonWeasley"]
[Result "1/2-1/2"]
[ECO "C11"]
[WhiteElo "2501"]
[BlackElo "2513"]
[WhiteEngine "BrainFish_180124_x64_bmi2_CTG"]
[BlackEngine "BrainFish 060118_CTG"]
[EventType "Swiss"]
[WhiteTeam ""]
[BlackTeam ""]
[PlyCount "197"]
[TimeControl "300+1"]

1. e4 e6 2. d4 d5 3. Nc3 Nf6 4. e5 Nfd7 5. f4 c5 6. Nf3 Nc6 7. Be3 cxd4 
8. Nxd4 Qb6 9. Qd2 Qxb2 10. Rb1 Qa3 11. Bb5 Nxd4 12. Bxd4 a6 13. Bxd7+ Bxd7 
14. Rb3 Qe7 15. Rxb7 Rc8 16. O-O Qd8 17. f5 exf5 18. Qd3 Bc5 19. Bxc5 Rxc5 
20. Nxd5 Bc8 21. Re7+ Kf8 22. Qa3 Qa5 23. Qxa5 Rxa5 24. Rc7 Be6 25. Nf4 Rxe5 
26. Nxe6+ Rxe6 27. Rxf5 Re7 28. Rc8+ Re8 29. Rc7 Re7 30. Rc8+ Re8 31. Rfc5 Ke7 
32. R8c6 g6 33. Kf2 Ra8 34. Rc7+ Kf6 35. Rc3 Kg7 36. Rf3 Rhf8 37. Ke2 Rab8 
38. Kd3 Rb2 39. a3 h5 40. Kc3 Rb6 41. h4 Rf6 42. Rxf6 Kxf6 43. Kb4 Kf5 
44. c4 Kg4 45. c5 Kg3 46. c6 Kxg2 47. Rd7 f5 48. c7 Rc8 49. Ka5 f4 50. Kxa6 f3 
51. Kb7 f2 52. Rd1 f1=Q 53. Rxf1 Rxc7+ 54. Kxc7 Kxf1 55. a4 g5 56. hxg5 h4 
57. g6 h3 58. g7 h2 59. g8=Q h1=Q 60. Qc4+ Kf2 61. Qd4+ Ke2 62. a5 Qa8 
63. Qg4+ Kf2 64. Qd4+ Ke1 65. Qc3+ Kd1 66. Qd4+ Ke2 67. Qc4+ Kd1 68. Qc5 Qg8 
69. Qd6+ Ke2 70. a6 Qg7+ 71. Kc6 Kf3 72. Qd1+ Kf2 73. Qd2+ Kg3 74. Qd6+ Kf2 
75. Qf4+ Kg2 76. Qe4+ Kf1 77. Qh1+ Kf2 78. Qh4+ Kf1 79. Qh3+ Kf2 80. Qf5+ Kg1 
81. Kd5 Kg2 82. Qe4+ Kf1 83. Qh1+ Ke2 84. Qe4+ Kf1 85. Qe6 Qg2+ 86. Kd6 Qh2+ 
87. Ke7 Qc7+ 88. Kf6 Qc3+ 89. Kf7 Qc7+ 90. Kf8 Qc5+ 91. Kg7 Kg1 92. Qg6+ Kh2 
93. Qh7+ Kg1 94. Qg6+ Kh2 95. Qh6+ Kg1 96. Qe6 Kh2 97. Qe2+ Kg1 98. Qe6 Kh2 
99. Qa2+ 1/2-1/2

[Event "Monday Night Swiss 13Rd 5m+1s Starts at 2240hrs"]
[Site "Infinity Chess"]
[Date "2018.1.30"]
[Round "7"]
[White "Victorious"]
[Black "Coco69"]
[Result "1/2-1/2"]
[ECO "D31"]
[WhiteElo "2570"]
[BlackElo "2503"]
[WhiteEngine "BugChess2.41_Release"]
[BlackEngine "Raubfisch X37b4_CTG"]
[EventType "Swiss"]
[WhiteTeam ""]
[BlackTeam ""]
[PlyCount "95"]
[TimeControl "300+1"]

1. d4 d5 2. c4 e6 3. Nc3 c6 4. Bf4 dxc4 5. a4 Qb6 6. Qd2 Qa5 7. Nf3 Nf6 
8. Qc1 c5 9. e3 cxd4 10. exd4 Bb4 11. Bxc4 O-O 12. O-O Nc6 13. Rd1 Nd5 
14. Ne5 Bxc3 15. bxc3 Nxe5 16. dxe5 Qxc3 17. a5 Qxc1 18. Bxc1 Re8 19. Bb5 Rd8 
20. Bg5 Rf8 21. Bc4 Bd7 22. Bxd5 exd5 23. Rxd5 Bc6 24. Rc5 a6 25. Be7 Rfe8 
26. Bd6 Rad8 27. Rc3 f6 28. f4 Rd7 29. g3 h6 30. Rf1 g5 31. Kf2 h5 32. h4 fxe5 
33. fxe5 Rf7+ 34. Ke1 Rxf1+ 35. Kxf1 Kf7 36. Kf2 Ke6 37. hxg5 Rg8 38. Rc4 Rxg5 
39. Rf4 Kd5 40. Rh4 Rf5+ 41. Ke3 Ke6 42. Kd4 Rg5 43. Rf4 Rxg3 44. Rf6+ Kd7 
45. Rf7+ Ke6 46. Rf6+ Kd7 47. Rf7+ Ke6 48. Rf6+ 1/2-1/2

[Event "Monday Night Swiss 13Rd 5m+1s Starts at 2240hrs"]
[Site "Infinity Chess"]
[Date "2018.1.30"]
[Round "7"]
[White "MGR"]
[Black "BraveDevil"]
[Result "1/2-1/2 "]
[ECO "C55"]
[WhiteElo "2530"]
[BlackElo "2453"]
[WhiteEngine "asmFishW_2017-08-25_bmi2"]
[BlackEngine "Cryptic AIL V2"]
[EventType "Swiss"]
[WhiteTeam ""]
[BlackTeam ""]
[PlyCount "227"]
[TimeControl "300+1"]

1. e4 e5 2. Nf3 Nc6 3. Bc4 Nf6 4. d3 Bc5 5. O-O d6 6. c3 O-O 7. Nbd2 a5 
8. Re1 Be6 9. Bb5 Ne7 10. d4 c6 11. Bd3 Bb6 12. h3 Ng6 13. a4 Nf4 14. Bc2 N6h5 
15. Nf1 Qc8 16. Ne3 g6 17. dxe5 dxe5 18. Nxe5 Qc7 19. N5g4 Rae8 20. b3 Rd8 
21. Qf3 Nd3 22. Bxd3 Rxd3 23. Nh6+ Kh8 24. Ba3 Rfd8 25. Rad1 Nf4 26. c4 Qe5 
27. Neg4 Rxf3 28. Rxd8+ Bxd8 29. Nxf7+ Bxf7 30. Nxe5 Rxb3 31. Nxf7+ Kg8 
32. Nxd8 Rxa3 33. e5 Nd3 34. Re3 Ra1+ 35. Kh2 Nc5 36. e6 Kf8 37. Re5 b6 
38. Nxc6 Rxa4 39. Na7 Rxc4 40. Nc8 Rd4 41. Nxb6 Nd3 42. Rxa5 Ke7 43. Kg3 Kxe6 
44. f3 h6 45. Ra6 Rd6 46. Ra3 Rxb6 47. Rxd3 Rb2 48. h4 h5 49. Rc3 Kf6 
50. Kh3 Kf5 51. Kh2 Kf4 52. Rc7 Rb4 53. Rc3 Kf5 54. Rc5+ Kf4 55. Ra5 Rb6 
56. Ra4+ Kf5 57. Kh3 Rb5 58. Re4 Rb1 59. Rd4 Ke5 60. Ra4 Rh1+ 61. Kg3 Kf6 
62. Rf4+ Ke5 63. Ra4 Kf6 64. Ra6+ Kf5 65. Ra8 Rb1 66. Rd8 Ke5 67. Rc8 Kf5 
68. Rc5+ Kf6 69. Rc8 Kg7 70. Rd8 Rh1 71. Rd5 Kh6 72. Rd7 Rb1 73. Rd3 Rf1 
74. Ra3 Rh1 75. Ra8 Rb1 76. Ra4 Kh7 77. Ra6 Rb3 78. Kh3 Kh6 79. Rc6 Rb1 
80. Kg3 Ra1 81. Rc4 Kg7 82. Rc2 Kh6 83. Rd2 Rb1 84. Kf4 Rh1 85. Kg3 Rf1 
86. Rd4 Ra1 87. Kh3 Ra5 88. Rf4 Ra2 89. Re4 Ra1 90. Re5 Rc1 91. Ra5 Kg7 
92. Ra2 Rh1+ 93. Kg3 Kh6 94. Ra8 Kh7 95. Ra7+ Kh6 96. Ra4 Kg7 97. Ra6 Rc1 
98. f4 Rc3+ 99. Kh2 Kf7 100. Rb6 Rc4 101. g3 Rc2+ 102. Kg1 Rc1+ 103. Kf2 Rc3 
104. Rb2 Kf6 105. Kg2 Kf5 106. Rb5+ Kf6 107. Rg5 Rc2+ 108. Kf1 Rc1+ 
109. Ke2 Rc2+ 110. Kf3 Rc3+ 111. Kf2 Rc2+ 112. Kg1 Rc1+ 113. Kh2 Ra1 114. Rc5 
1/2-1/2

[Event "Monday Night Swiss 13Rd 5m+1s Starts at 2240hrs"]
[Site "Infinity Chess"]
[Date "2018.1.30"]
[Round "7"]
[White "Eman"]
[Black "KULLANI"]
[Result "1/2-1/2"]
[ECO "C77"]
[WhiteElo "2519"]
[BlackElo "2501"]
[WhiteEngine "Eman 1.68c 64-bit POPCNT"]
[BlackEngine "BrainFish_180124_x64_CTG"]
[EventType "Swiss"]
[WhiteTeam ""]
[BlackTeam ""]
[PlyCount "165"]
[TimeControl "300+1"]

1. e4 e5 2. Nf3 Nc6 3. Bb5 a6 4. Ba4 Nf6 5. O-O Be7 6. Re1 b5 7. Bb3 O-O 
8. c3 d5 9. exd5 Nxd5 10. Nxe5 Nxe5 11. Rxe5 c6 12. d4 Bd6 13. Re1 Qh4 
14. g3 Qh3 15. Qe2 Bg4 16. Qf1 Qh5 17. Nd2 Rae8 18. f3 Rxe1 19. Qxe1 Bxf3 
20. Nxf3 Qxf3 21. Bd2 Qg4 22. a4 Qd7 23. axb5 Re8 24. Qf2 axb5 25. Rf1 g6 
26. Qf3 Bf8 27. Bg5 Bg7 28. Bd1 h5 29. Qd3 b4 30. Bd2 Ra8 31. Bb3 bxc3 
32. bxc3 Ra3 33. Rb1 Kh7 34. Qf3 f5 35. Kg2 Nf6 36. Bc1 Ra5 37. Bc4 Ra4 
38. Bb3 Ra8 39. Bc4 Ne4 40. Bf4 Bf8 41. Bc1 Ra4 42. Qd3 Bh6 43. Bxh6 Kxh6 
44. Rb8 Qe7 45. Qe2 Kh7 46. Qb2 Nd6 47. Be2 f4 48. Bf3 Qe6 49. Qc1 c5 
50. dxc5 Nf5 51. Rb7+ Kh6 52. Rb4 Ra2+ 53. Kg1 Kh7 54. Rb7+ Ng7 55. Rb2 Rxb2 
56. Qxb2 Qe1+ 57. Kg2 fxg3 58. Qe2 Qxc3 59. hxg3 Qxc5 60. Be4 Qc3 61. Qf2 Qe5 
62. Qf3 Kh6 63. Qe3+ g5 64. Qf3 Ne6 65. Bd3 g4 66. Qf7 Qb2+ 67. Kf1 Qc1+ 
68. Kf2 Qd2+ 69. Kg1 Qd1+ 70. Kg2 Qxd3 71. Qxe6+ Kg5 72. Qe5+ Kg6 73. Qe6+ Kh7 
74. Qf7+ Kh6 75. Qe6+ Kg5 76. Qe5+ Kg6 77. Qe6+ Kh7 78. Qf7+ Kh6 79. Qf6+ Qg6 
80. Qxg6+ Kxg6 81. Kf1 Kf5 82. Kf2 Ke5 83. Ke1 1/2-1/2

[Event "Monday Night Swiss 13Rd 5m+1s Starts at 2240hrs"]
[Site "Infinity Chess"]
[Date "2018.1.30"]
[Round "7"]
[White "MarioDeMonti"]
[Black "MCDermont"]
[Result "1/2-1/2"]
[ECO "C11"]
[WhiteElo "2511"]
[BlackElo "2548"]
[WhiteEngine "stockfish_x64_bmi2_2018_01_23_CTG"]
[BlackEngine "BrainFish 060118_CTG"]
[EventType "Swiss"]
[WhiteTeam ""]
[BlackTeam ""]
[PlyCount "106"]
[TimeControl "300+1"]

1. e4 e6 2. d4 d5 3. Nc3 Nf6 4. e5 Nfd7 5. f4 c5 6. Nf3 Nc6 7. Be3 cxd4 
8. Nxd4 Qb6 9. a3 Bc5 10. Ncb5 a6 11. Nxc6 axb5 12. Bxc5 Nxc5 13. Nd4 Bd7 
14. Be2 O-O 15. c3 f6 16. exf6 Rxf6 17. g3 g5 18. Qd2 gxf4 19. gxf4 Qd6 
20. Rf1 Ne4 21. Qe3 Raf8 22. Bxb5 Bxb5 23. Nxb5 Qc6 24. Qe2 Rxf4 25. O-O-O Rxf1 
26. Qg2+ Kh8 27. Rxf1 Rg8 28. Qe2 e5 29. Kb1 Qg6 30. Ka2 Qg2 31. Re1 Qxe2 
32. Rxe2 Rc8 33. a4 Kg7 34. b3 Kf6 35. c4 Rc5 36. Ka3 Kf5 37. Kb4 d4 
38. Nd6+ Nxd6 39. Kxc5 Ne4+ 40. Kb4 Nc3 41. Rd2 Ke4 42. c5 Ke3 43. Rg2 Ne2 
44. Rg5 e4 45. a5 d3 46. a6 bxa6 47. c6 d2 48. c7 d1=Q 49. c8=Q Qe1+ 
50. Ka3 Qa1+ 51. Kb4 Qe1+ 52. Ka3 Qa1+ 53. Kb4 Qe1+ 1/2-1/2

[Event "Monday Night Swiss 13Rd 5m+1s Starts at 2240hrs"]
[Site "Infinity Chess"]
[Date "2018.1.29"]
[Round "6"]
[White "mike"]
[Black "ocirema"]
[Result "1/2-1/2"]
[ECO "B53"]
[WhiteElo "2453"]
[BlackElo "2485"]
[WhiteEngine "komodo-11.2.2-64bit"]
[BlackEngine "stockfish_18012814_x64_modern_CTG"]
[EventType "Swiss"]
[WhiteTeam ""]
[BlackTeam ""]
[PlyCount "110"]
[TimeControl "300+1"]

1. e4 c5 2. Nf3 d6 3. d4 cxd4 4. Qxd4 Nf6 5. Qe3 Nc6 6. h3 g6 7. Bc4 Bg7 
8. O-O O-O 9. Qe2 b6 10. Rd1 Bb7 11. Bb3 Na5 12. Nc3 Nxb3 13. axb3 Qc7 
14. Nd5 Nxd5 15. exd5 Qd7 16. c4 Rfe8 17. Nd4 a6 18. Be3 b5 19. Qd3 Rec8 
20. Bd2 Rc5 21. Bb4 Rc7 22. Bc3 Rac8 23. cxb5 axb5 24. Ne2 b4 25. Bxg7 Kxg7 
26. Ra4 Rc2 27. Qd4+ Kg8 28. Nf4 R8c7 29. Rxb4 Qf5 30. Rd2 Rxd2 31. Qxd2 g5 
32. Nh5 f6 33. Rc4 Rd7 34. Rd4 Rc7 35. Ng3 Qc2 36. Qxc2 Rxc2 37. Rc4 Rxb2 
38. Nf5 Rxb3 39. Nxe7+ Kf8 40. Rc7 Rb5 41. Nf5 Rxd5 42. Rxb7 Rxf5 43. Rxh7 Re5 
44. g3 Re7 45. Rxe7 Kxe7 46. Kf1 Ke6 47. Ke2 Ke5 48. Ke3 d5 49. f3 d4+ 
50. Kd3 f5 51. h4 f4 52. gxf4+ Kxf4 53. hxg5 Kxg5 54. Ke4 d3 55. Ke3 d2 1/2-1/2

[Event "Monday Night Swiss 13Rd 5m+1s Starts at 2240hrs"]
[Site "Infinity Chess"]
[Date "2018.1.29"]
[Round "6"]
[White "koalachess"]
[Black "RonWeasley"]
[Result "1/2-1/2"]
[ECO "C11"]
[WhiteElo "2302"]
[BlackElo "2522"]
[WhiteEngine "asmFishW_2017-11-19_popcnt_CTG"]
[BlackEngine "BrainFish 060118_CTG"]
[EventType "Swiss"]
[WhiteTeam ""]
[BlackTeam ""]
[PlyCount "99"]
[TimeControl "300+1"]

1. e4 e6 2. d4 d5 3. Nc3 Nf6 4. e5 Nfd7 5. f4 c5 6. Nf3 Nc6 7. Be3 cxd4 
8. Nxd4 Qb6 9. Qd2 Qxb2 10. Rb1 Qa3 11. Bb5 Nxd4 12. Bxd4 a6 13. Bxd7+ Bxd7 
14. Rb3 Qe7 15. Rxb7 Rc8 16. O-O Qd8 17. Qe3 Rc4 18. Rfb1 Be7 19. f5 Bg5 
20. Qd3 O-O 21. Ne4 Bc8 22. Bb6 Be3+ 23. Qxe3 Qh4 24. Nf6+ gxf6 25. Rc7 exf5 
26. Rxc4 dxc4 27. exf6 Kh8 28. Qf2 Qh5 29. Qf3 Qg6 30. Be3 h6 31. Rb6 Kh7 
32. Qg3 Qxg3 33. hxg3 Kg6 34. Kf2 Rd8 35. Rb8 c3 36. Ke2 h5 37. Bf4 Kxf6 
38. a4 Ke7 39. a5 f6 40. Ke3 Be6 41. Rxd8 Kxd8 42. Kd4 Kd7 43. Kxc3 Bd5 
44. Kd4 Bxg2 45. Kc5 Be4 46. c4 Bd3 47. Kd4 Be4 48. Kc5 Bd3 49. Kd4 Be4 50. Kc5 
1/2-1/2

[Event "Monday Night Swiss 13Rd 5m+1s Starts at 2240hrs"]
[Site "Infinity Chess"]
[Date "2018.1.29"]
[Round "6"]
[White "Dovahkiin"]
[Black "star99"]
[Result "1/2-1/2"]
[ECO "C77"]
[WhiteElo "2425"]
[BlackElo "2438"]
[WhiteEngine "BrainFish_180128_x64_modern_CTG"]
[BlackEngine "Cryptic AIL V2"]
[EventType "Swiss"]
[WhiteTeam ""]
[BlackTeam ""]
[PlyCount "166"]
[TimeControl "300+1"]

1. e4 e5 2. Nf3 Nc6 3. Bb5 a6 4. Ba4 Nf6 5. d3 d6 6. c3 Be7 7. O-O b5 8. Bc2 O-O 
9. Re1 d5 10. Nbd2 dxe4 11. dxe4 Be6 12. Qe2 Qc8 13. a4 Rb8 14. Bd3 Qb7 
15. Nf1 Rfd8 16. h3 Nh5 17. b4 Bf6 18. Qc2 bxa4 19. Rxa4 a5 20. Ng5 Bxg5 
21. Bxg5 Rd7 22. Raa1 h6 23. Be3 Nf4 24. Bxf4 exf4 25. bxa5 Bb3 26. Qb1 Qa7 
27. Be2 Nxa5 28. Qc1 Qc5 29. Qxf4 Be6 30. Qe3 Nb3 31. Rab1 Ra8 32. f4 f6 
33. Bg4 Bxg4 34. Rxb3 Qxe3+ 35. Nxe3 Be6 36. Rb5 Ra4 37. f5 Bf7 38. e5 fxe5 
39. Rxe5 Ra6 40. c4 Rc6 41. c5 g6 42. fxg6 Rxg6 43. Nf5 Kf8 44. Rf1 Ra6 
45. h4 Rg6 46. Rf3 Rf6 47. g4 Be6 48. Kf2 Kg8 49. Kg3 Rd1 50. Ne3 Rg1+ 
51. Kf2 Rxf3+ 52. Kxf3 Kf7 53. Rh5 Kg7 54. g5 hxg5 55. Rxg5+ Rxg5 56. hxg5 Kg6 
57. Kf4 Bb3 58. Nf5 Be6 59. Nd4 Bc4 60. Nf3 Be6 61. Ne5+ Kh5 62. Nd3 Kg6 
63. Ne5+ Kh5 64. Nd3 Kg6 65. Nb4 Bc4 66. Nc6 Be6 67. Nb4 Bc4 68. Nc2 Be6 
69. Ne3 Ba2 70. Nd1 Bb3 71. Nc3 Bc4 72. c6 Bd3 73. Ne4 Bb5 74. Nc5 Bf1 
75. Nd7 Bh3 76. Ne5+ Kh5 77. g6 Be6 78. Ke3 Kh6 79. Kd4 Kg7 80. Nd3 Kxg6 
81. Nb4 Kf6 82. Na6 Bf5 83. Nxc7 Bd7 1/2-1/2

[Event "Monday Night Swiss 13Rd 5m+1s Starts at 2240hrs"]
[Site "Infinity Chess"]
[Date "2018.1.29"]
[Round "6"]
[White "Victorious"]
[Black "BraveDevil"]
[Result "1/2-1/2"]
[ECO "C55"]
[WhiteElo "2575"]
[BlackElo "2448"]
[WhiteEngine "BugChess2.41_Release"]
[BlackEngine "Cryptic AIL V2"]
[EventType "Swiss"]
[WhiteTeam ""]
[BlackTeam ""]
[PlyCount "244"]
[TimeControl "300+1"]

1. e4 e5 2. Nf3 Nc6 3. Bc4 Nf6 4. d3 Bc5 5. O-O d6 6. c3 O-O 7. Bg5 h6 8. Bh4 g5 
9. Bg3 g4 10. Nh4 Nh5 11. b4 Bb6 12. a4 a6 13. Na3 Qg5 14. Bb3 Ba7 15. Rb1 Kh8 
16. Nc4 Ne7 17. b5 axb5 18. axb5 Be6 19. Ra1 Nxg3 20. hxg3 Bxc4 21. Bxc4 f5 
22. exf5 Nxf5 23. Nxf5 Qxf5 24. d4 Bb6 25. Rxa8 Rxa8 26. Re1 Rf8 27. Re2 Kg7 
28. Bd3 Qf6 29. Qb3 Qf7 30. Qc2 exd4 31. Re4 dxc3 32. Rf4 Qe6 33. Qxc3+ Rf6 
34. Kh2 d5 35. Bf5 Qd6 36. Rxg4+ Kf8 37. Rf4 c5 38. Rf3 Bd8 39. Bg4 Kg7 
40. Rf5 d4 41. Rxf6 Bxf6 42. Qc4 b6 43. Bh5 Kh8 44. Qf7 Bg7 45. Bg6 d3 
46. Qe8+ Qf8 47. Qxf8+ Bxf8 48. Bxd3 Kg7 49. f4 Kf7 50. g4 Bg7 51. Bc4+ Ke7 
52. Kg3 Bc3 53. Kf3 Bd2 54. Bd3 Kd6 55. Ke4 Ke6 56. Bc4+ Kf6 57. f5 Bc3 
58. Be6 Kg5 59. Kf3 Bd4 60. Bc4 Bb2 61. Be2 Kf6 62. Kf4 Ke7 63. Ke4 Kd7 
64. Kf3 Ke7 65. Kf4 Bc3 66. Ke3 Kd6 67. Bc4 Ke5 68. Bg8 Bb2 69. Ke2 Ke4 
70. Kd2 Bf6 71. Bb3 Kd4 72. Bf7 c4 73. Be6 Bd8 74. Kc2 Bf6 75. Bd7 Kd5 
76. Be8 Kc5 77. Bc6 Bh8 78. Be8 Bg7 79. Kd2 Kb4 80. Kc2 Bd4 81. Bc6 Bf6 
82. Kd2 Kb3 83. Bd5 Bg5+ 84. Kd1 Kc3 85. Bf3 Bf6 86. Bd5 Be5 87. Be4 Kb3 
88. Bc6 Kb2 89. Be4 Bd4 90. Bd5 Kc3 91. Ke2 Kb3 92. Kd1 Kc3 93. Be4 Be5 
94. Bc6 Bg7 95. Bb7 Be5 96. Bd5 Bg7 97. Bf3 Bf6 98. Be4 Be7 99. Ke2 Bg5 
100. Bf3 Bf6 101. Kd1 Kb4 102. Bc6 Bg7 103. Ke2 Kb3 104. Bd5 Kb4 105. Bc6 Be5 
106. Kd2 Bf4+ 107. Kd1 Be5 108. Bd7 Bc3 109. Ke2 Bd4 110. Kd1 Ka4 111. Kc2 Be5 
112. Kd2 Kb3 113. Be6 Bf6 114. Bd5 Kb4 115. Bc6 Bb2 116. Ke2 Be5 117. Kd1 Kc5 
118. Kc2 Bf6 119. Bd7 Kb4 120. Kd2 Be5 121. Kc2 Bd4 122. Bc6 Kc5 1/2-1/2

[Event "Monday Night Swiss 13Rd 5m+1s Starts at 2240hrs"]
[Site "Infinity Chess"]
[Date "2018.1.29"]
[Round "6"]
[White "Eman"]
[Black "SkyPilot"]
[Result "1-0"]
[ECO "D02"]
[WhiteElo "2504"]
[BlackElo "2474"]
[WhiteEngine "Eman 1.68c 64-bit POPCNT"]
[BlackEngine "stockfish_x64_bmi2_2018_01_23_CTG"]
[EventType "Swiss"]
[WhiteTeam ""]
[BlackTeam ""]
[PlyCount "161"]
[TimeControl "300+1"]

1. d4 d5 2. Nf3 Nf6 3. c4 c6 4. e3 e6 5. Nbd2 Nbd7 6. Bd3 c5 7. cxd5 exd5 
8. O-O c4 9. Be2 Bb4 10. b3 b5 11. a4 a5 12. axb5 c3 13. Nb1 O-O 14. Ba3 Bb7 
15. Ne1 Qe7 16. Nc2 Rfc8 17. Qe1 g6 18. Bd3 Qf8 19. f3 Nh5 20. Qh4 Nhf6 
21. e4 dxe4 22. fxe4 Qe8 23. e5 Nd5 24. Qg3 Nf8 25. Bc1 Ne6 26. Bh6 Rc7 
27. Kh1 Qe7 28. h3 Rd7 29. Be4 Rdd8 30. Rf2 Qc7 31. Kg1 Rd7 32. Nba3 Bxa3 
33. Nxa3 Nxd4 34. Raf1 a4 35. bxa4 Re8 36. Bxd5 Bxd5 37. Nc2 Nxc2 38. Rxc2 Qa7+ 
39. Qf2 Qxf2+ 40. Kxf2 Rxe5 41. Rxc3 f6 42. Rd1 Kf7 43. Rcd3 Ke6 44. a5 Rb7 
45. b6 Bc4 46. Rd6+ Ke7 47. R6d4 Ba6 48. Bd2 Rb5 49. Bb4+ Ke6 50. Rd6+ Ke7 
51. Rd7+ Ke6 52. R1d6+ Kf5 53. g4+ Ke4 54. Rd4+ Ke5 55. Bc3 Rxd7 56. Rxd7+ Ke6 
57. Rxh7 f5 58. Ra7 Bc8 59. gxf5+ Kxf5 60. Ke3 Ke6 61. Kd4 Rd5+ 62. Ke4 Rb5 
63. Bd4 Bd7 64. Rxd7 Kxd7 65. a6 Kc6 66. b7 Rb4 67. Kd3 Rb3+ 68. Kc4 Rb1 
69. Be5 Rc1+ 70. Kd3 Rd1+ 71. Kc2 Rd5 72. b8=Q Rc5+ 73. Kb3 Rb5+ 74. Qxb5+ Kxb5 
75. a7 Kc6 76. a8=Q+ Kd7 77. Kc4 g5 78. Qf8 g4 79. Qf7+ Kd8 80. hxg4 Kc8 
81. Qc7# 1-0

[Event "Monday Night Swiss 13Rd 5m+1s Starts at 2240hrs"]
[Site "Infinity Chess"]
[Date "2018.1.29"]
[Round "6"]
[White "MCDermont"]
[Black "HULK"]
[Result "1-0 "]
[ECO "C53"]
[WhiteElo "2533"]
[BlackElo "2516"]
[WhiteEngine "BrainFish 060118_CTG"]
[BlackEngine "BrainFish_180124_x64_bmi2_CTG"]
[EventType "Swiss"]
[WhiteTeam ""]
[BlackTeam ""]
[PlyCount "256"]
[TimeControl "300+1"]

1. e4 e5 2. Nf3 Nc6 3. Bc4 Bc5 4. c3 Nf6 5. d3 a5 6. Bg5 h6 7. Bh4 d6 8. O-O O-O 
9. Bb3 g5 10. Bg3 g4 11. Nh4 Nh5 12. a4 Qg5 13. Na3 Bd7 14. Re1 Nxg3 
15. hxg3 Qf6 16. Rf1 Rae8 17. Nc4 Qg5 18. Qc2 h5 19. Rae1 Ba7 20. Kh2 Kh8 
21. Ne3 Ne7 22. d4 exd4 23. cxd4 Nc6 24. d5 Nd4 25. Qc3 Qf6 26. Bc4 Bc5 
27. Qxa5 Rxe4 28. Qxc7 Bxa4 29. Bd3 Ree8 30. Nef5 Rc8 31. Qa5 Nxf5 32. Bxf5 Ra8 
33. Qd2 Bb5 34. Bd3 Bb4 35. Qxb4 Bxd3 36. Rg1 Rfe8 37. Rd1 Bg6 38. Rd4 Kg7 
39. Rf4 Qe5 40. Qxb7 Rab8 41. Qa7 Ra8 42. Qd7 Rad8 43. Qa7 Ra8 44. Qd7 Rad8 
45. Qc6 Rc8 46. Qb7 Rb8 47. Qc7 Rbc8 48. Qa5 Qxb2 49. Qa7 Qc2 50. Qa6 Qc7 
51. Nxg6 fxg6 52. Rb1 Ra8 53. Qd3 Ra7 54. Qd2 Rb7 55. Rc4 Qe7 56. Rxb7 Qxb7 
57. Qc3+ Kh6 58. Rc7 Qxd5 59. Rd7 Qe5 60. Qd2+ g5 61. Qd3 Re7 62. Rxd6+ Re6 
63. Rd7 Re7 64. Rd5 Qf6 65. Rb5 Rg7 66. Qe3 Re7 67. Qd3 Rc7 68. Qb3 Rc3 
69. Qg8 Rc7 70. Qb8 Re7 71. Rb6 Re6 72. Rb4 Re7 73. Ra4 Rf7 74. Qc8 Rf8 
75. Qc4 Qe7 76. Qd4 Qf6 77. Qc4 Qg6 78. Ra6 Rf6 79. Ra8 Re6 80. Ra7 Qf6 
81. Qc7 Qh8 82. Qd7 Qg8 83. Rb7 Rf6 84. Qd4 Qf8 85. Rb8 Qg7 86. Re8 Qf7 
87. Qe5 Qg6 88. Qb8 Qf7 89. Qe5 Qg6 90. Rc8 Kh7 91. Rb8 Qg7 92. Qd5 Kh6 
93. Rg8 Rf5 94. Qa8 Qf7 95. Rh8+ Kg7 96. Rb8 Qd5 97. Rb7+ Rf7 98. Qa1+ Kg8 
99. Rb8+ Rf8 100. Rb6 Rxf2 101. Rg6+ Kf8 102. Qh8+ Ke7 103. Rg7+ Rf7 104. Rg8 h4 
105. Re8+ Kd6 106. Qc3 hxg3+ 107. Kxg3 Rb7 108. Re3 Rc7 109. Qa3+ Qc5 
110. Qd3+ Qd5 111. Qg6+ Kc5 112. Qc2+ Kd6 113. Qb1 Qc4 114. Qg6+ Kd7 
115. Qe8+ Kd6 116. Qe5+ Kd7 117. Qxg5 Kc8 118. Qa5 Kb7 119. Ra3 Kc8 120. Qe5 Kd7 
121. Re3 Kc8 122. Qh8+ Kb7 123. Ra3 Rd7 124. Qa8+ Kb6 125. Qb8+ Kc6 
126. Qc8+ Rc7 127. Qe8+ Rd7 128. Qe3 Qd4 1-0

[Event "Monday Night Swiss 13Rd 5m+1s Starts at 2240hrs"]
[Site "Infinity Chess"]
[Date "2018.1.29"]
[Round "6"]
[White "KULLANI"]
[Black "MarioDeMonti"]
[Result "1/2-1/2"]
[ECO "B90"]
[WhiteElo "2501"]
[BlackElo "2511"]
[WhiteEngine "BrainFish_180124_x64_CTG"]
[BlackEngine "stockfish_x64_bmi2_2018_01_23_CTG"]
[EventType "Swiss"]
[WhiteTeam ""]
[BlackTeam ""]
[PlyCount "128"]
[TimeControl "300+1"]

1. e4 c5 2. Nf3 d6 3. d4 cxd4 4. Nxd4 Nf6 5. Nc3 a6 6. Be3 e5 7. Nb3 Be6 
8. f3 h5 9. Qd2 Nbd7 10. Nd5 Bxd5 11. exd5 g6 12. Na5 Bg7 13. Nxb7 Qb8 
14. Na5 Qxb2 15. Rd1 O-O 16. Bc4 e4 17. O-O exf3 18. gxf3 Nh7 19. Nc6 Rfe8 
20. Bb3 Qf6 21. c4 Ne5 22. Kh1 Rac8 23. f4 Nxc6 24. dxc6 Qe7 25. Rf3 Qe4 
26. Qd5 Nf6 27. Qxe4 Rxe4 28. f5 g5 29. Bxg5 Rxc6 30. Bf4 Re2 31. Bxd6 Ne4 
32. Bg3 a5 33. Rg1 Kf8 34. Bh4 Bf6 35. Re1 Rxe1+ 36. Bxe1 a4 37. Bxa4 Rxc4 
38. Bb5 Rc2 39. Bd3 Rc1 40. Rf1 Nc3 41. a3 Rd1 42. Bc4 Rd8 43. Rf3 Rd1 
44. Rf1 Rd7 45. Kg2 Rd4 46. Bb3 Re4 47. Bd2 Re2+ 48. Rf2 Rxf2+ 49. Kxf2 Ne4+ 
50. Ke1 Nxd2 51. Kxd2 Kg7 52. Ke3 Be5 53. h3 Kf6 54. Kd3 Bd6 55. a4 Kxf5 
56. Bxf7 Bc7 57. Bxh5 Ke5 58. Bf3 Ba5 59. h4 Kf4 60. h5 Kg5 61. Kc4 Be1 
62. Kb5 Bd2 63. Be2 Be1 64. Kc4 Bd2 1/2-1/2

[Event "Monday Night Swiss 13Rd 5m+1s Starts at 2240hrs"]
[Site "Infinity Chess"]
[Date "2018.1.29"]
[Round "5"]
[White "koalachess"]
[Black "mike"]
[Result "1/2-1/2"]
[ECO "B22"]
[WhiteElo "2295"]
[BlackElo "2460"]
[WhiteEngine "asmFishW_2017-11-19_popcnt_CTG"]
[BlackEngine "komodo-11.2.2-64bit"]
[EventType "Swiss"]
[WhiteTeam ""]
[BlackTeam ""]
[PlyCount "212"]
[TimeControl "300+1"]

1. e4 c5 2. c3 e6 3. Nf3 d5 4. e5 Bd7 5. d4 Nc6 6. Be2 f6 7. O-O fxe5 
8. Nxe5 Nxe5 9. dxe5 Qc7 10. c4 d4 11. Bd3 O-O-O 12. f4 Nh6 13. Nd2 Nf5 
14. Ne4 Kb8 15. Qe1 Be7 16. a3 Be8 17. b4 Bg6 18. b5 Qd7 19. Qe2 h5 20. g3 Nh6 
21. a4 Bf5 22. h4 Qe8 23. a5 Qg6 24. a6 b6 25. Qg2 Rd7 26. Ra3 Ng4 27. Rd1 Rhd8 
28. Bd2 Rc7 29. Bc1 Kc8 30. Nf2 Bxd3 31. Raxd3 Nxf2 32. Kxf2 Kd7 33. Qf3 Ke8 
34. Ke2 Kf7 35. Kd2 Qf5 36. Bb2 Rf8 37. Rg1 Rh8 38. Rd1 Rh6 39. Qe2 Rg6 
40. Ke1 Rg4 41. Rf3 Qg6 42. Qd3 Qxd3 43. Rfxd3 Kg6 44. Kd2 Kf5 45. Rf3 Rd7 
46. Kd3 Rd8 47. Bc1 Rf8 48. Bd2 Rg6 49. Ra1 Rh6 50. Rf2 Rd8 51. Rg2 Rg6 
52. Rh1 Rg4 53. Rhg1 Rc8 54. Be1 Re8 55. Rh2 Rf8 56. Rf1 g6 57. Re2 Bd8 
58. Rh1 Bc7 59. Rg2 Rd8 60. Rf1 Rd7 61. Rff2 Bd8 62. Bd2 Rg7 63. Bc1 Rf7 
64. Bb2 Rf8 65. Bc1 Be7 66. Bd2 Rh8 67. Kc2 Bd8 68. Kd3 Be7 69. Bc1 Rh7 
70. Ra2 Bf8 71. Rae2 Bg7 72. Re1 Rh8 73. Bd2 Rd8 74. Reg1 Rg8 75. Bc1 Rf8 
76. Rf2 Rf7 77. Rf3 Rd7 78. Rf2 Bf8 79. Rff1 Rd8 80. Bb2 Bg7 81. Ba3 Rf8 
82. Bc1 Rd8 83. Rf3 Re8 84. Re1 Rd8 85. Re2 Bf8 86. Bb2 Bh6 87. Bc1 Bg7 
88. Bd2 Rd7 89. Ref2 Re7 90. Rg2 Bf8 91. Rff2 Rd7 92. Rf3 Bh6 93. Rg1 Rf7 
94. Be1 Bg7 95. Bd2 Rf8 96. Rf2 Rg8 97. Bc1 Re8 98. Re2 Rf8 99. Rc2 Re8 
100. Re2 Ra8 101. Rgg2 Rb8 102. Bb2 Rd8 103. Ref2 Rf8 104. Rf3 Rh8 105. Rf1 Rg8 
106. Ba1 Rf8 1/2-1/2